 Dungeon Crawl Stone Soup version 0.25.0-9-g26727b657a (webtiles) character file.

Game seed: 3602164411497889877

1515 Delamore the Basher (level 8, -10/103 HPs)
             Began as a Gargoyle Fighter on June 18, 2020.
             Mangled by an ice beast (13 damage)
             ... on level 6 of the Dungeon.
             The game lasted 00:05:55 (5961 turns).

Delamore the Basher (Gargoyle Fighter)              Turns: 5961, Time: 00:05:55

Health: -10/103    AC: 31    Str: 21    XL:     8   Next: 83%
Magic:  8/8        EV:  2    Int: 10    God:
Gold:   270        SH:  9    Dex:  9    Spells: 7/7 levels left

rFire    . . .     SeeInvis .   y - +4 flail (protect)
rCold    . . .     Gourm    .   c - +0 kite shield
rNeg     + + +     Faith    .   (armour currently unavailable)
rPois    ∞         Spirit   .   (helmet currently unavailable)
rElec    .         Reflect  .   (cloak currently unavailable)
rCorr    .         Harm     .   (gloves currently unavailable)
MR       .....     NoTele   +   (boots currently unavailable)
Stlth    ..........             q - amulet of magic regeneration
HPRegen  0.27/turn              (no ring)
MPRegen  0.36/turn              (no ring)

@: berserking, tree-form, protection aura, very quick
A: negative energy resistance 1, petrification resistance, rot immunity, AC +5
a: no special abilities


You were on level 6 of the Dungeon.
You were not hungry.
You were a tree.
You visited 1 branch of the dungeon, and saw 6 of its levels.
You also visited: Ossuary.

You collected 270 gold pieces.

Inventory:

Hand Weapons
 y - a +4 flail of protection (weapon)
 E - a cursed +3 morningstar of freezing
Missiles
 l - 5 boomerangs of dispersal (quivered)
Armour
 b - a +0 scale mail (melded)
 c - a +0 kite shield (worn)
 u - a +0 chain mail
 A - a +2 pair of gloves (melded)
Jewellery
 q - an amulet of magic regeneration (around neck)
 x - an uncursed ring of fire
Wands
 w - a wand of flame (18)
 D - a wand of paralysis (9)
Scrolls
 e - 3 scrolls of amnesia {unknown}
 g - 2 scrolls of enchant weapon {unknown}
 i - 2 scrolls of blinking {unknown}
 n - 8 scrolls of identify {unknown}
 o - 2 scrolls of magic mapping {unknown}
 p - 6 scrolls of teleportation {unknown}
 v - 3 scrolls of remove curse {unknown}
 z - 2 scrolls of fog {unknown}
 C - 2 scrolls of immolation {unknown}
Potions
 a - 2 potions of lignification
 d - 3 potions of might
 h - a potion of cancellation {unknown}
 j - 2 potions of heal wounds {unknown}
 k - a potion of resistance {unknown}
 m - a potion of berserk rage
 r - a potion of haste {unknown}
 s - 3 potions of curing
 t - 2 potions of magic
 B - a potion of ambrosia {unknown}
 G - a potion of degeneration {unknown}
 H - a potion of stabbing {unknown}
Comestibles
 f - 10 rations
 F - 5 chunks of flesh


   Skills:
 - Level 3.2 Fighting
 + Level 10.8 Maces & Flails
 - Level 3.2 Armour
 - Level 3.2 Shields


You had 7 spell levels left.
You didn't know any spells.
Your spell library was empty.

Dungeon Overview and Level Annotations

Branches:
Dungeon (6/15)            Ossuary (visited)
 Temple: D:4-7

Altars:
Nemelex Xobeh
Vehumet
The Shining One

Shops:
D:4 =   D:5 =


Innate Abilities, Weirdness & Mutations

You are resistant to torment.
((Your stone body is resilient. (AC +5)))
You are immune to poison.
You resist negative energy. (rN+)
((You are resistant to electric shocks. (rElec)))
((You can survive without breathing.))
You are immune to petrification.
You are immune to rotting.


Message History

You feel yourself moving faster!
You feel mighty! The ice beast hits you.
* * * LOW HITPOINT WARNING * * *
The ice beast freezes you!
* * * LOW HITPOINT WARNING * * *
The orc wizard casts a spell.
The orc wizard blinks!
Sorry, you're not good enough to have a special ability.
You are too berserk!
You thump the ice beast!
Your weapon exudes an aura of protection.
The ice beast is heavily wounded.
You block the ice beast's attack.
You closely miss the ice beast.
The ice beast is heavily wounded.
You barely miss the ice beast.
The ice beast is heavily wounded.
The ice beast hits you.
* * * LOW HITPOINT WARNING * * *
The ice beast freezes you!
You die...

#.# ######.## ........# #######
........# #.....# ........#
#.....# ........###### #.....#
.............###########.....####
................♣Yo{Y...........+
.............#######÷........####
.........[...# #.......###
.............# #.......#
._.......##### #.....).#
.........# #......).#
....############ #........#
###.##.........# #........#
...............# #........#


You could see an orc warrior and 2 ice beasts.

Vanquished Creatures
  2 wraiths (Ossuary)
  A sky beast (D:5)
  2 phantoms
  2 ice beasts (D:5)
  An ogre (D:4)
  2 wights (Ossuary)
  2 hounds
  2 orc priests (D:3)
  A jelly (D:6)
  A bullfrog skeleton (D:5)
  An iguana (D:4)
  4 orc wizards
  A worker ant (D:4)
  12 adders
  4 gnolls
  An ooze (D:4)
  An adder skeleton (D:4)
  3 adder zombies (Ossuary)
  4 worms
  A dart slug (D:1)
  3 leopard geckos
  11 orcs
  10 bats
  4 giant cockroaches
  7 goblins
  5 hobgoblins
  8 jackals
  10 kobolds
  2 quokkas
  6 frilled lizards
  A hobgoblin skeleton (Ossuary)
  2 hobgoblin zombies (Ossuary)
  A kobold zombie (Ossuary)
  2 leopard gecko skeletons
  3 orc zombies (Ossuary)
  10 rats
133 creatures vanquished.

Notes
Turn   | Place    | Note
-------+----------+-------------------------------------------
     0 | D:1      | Delamore the Gargoyle Fighter began the quest for the Orb.
     0 | D:1      | Reached XP level 1. HP: 14/14 MP: 1/1
    72 | D:1      | Found a glowing golden altar of the Shining One.
   198 | D:1      | Reached XP level 2. HP: 19/19 MP: 2/2
   340 | D:1      | Reached skill level 3 in Maces & Flails
   827 | D:2      | Reached XP level 3. HP: 13/23 MP: 3/3
  1155 | D:2      | Reached skill level 4 in Maces & Flails
  1360 | D:2      | Reached XP level 4. HP: 9/28 MP: 4/4
  2270 | D:3      | Reached skill level 5 in Maces & Flails
  2275 | D:3      | Reached XP level 5. HP: 26/32 MP: 5/5
  2405 | D:3      | Noticed a phantom
  2615 | D:3      | Killed a phantom
  2615 | D:3      | Reached skill level 6 in Maces & Flails
  2615 | D:3      | Reached XP level 6. HP: 28/37 MP: 6/6
  3984 | D:4      | Reached skill level 7 in Maces & Flails
  4032 | D:4      | Found a radiant altar of Vehumet.
  4211 | D:4      | Reached XP level 7. HP: 28/41 MP: 7/7
  4339 | D:4      | Found Izut's Jewellery Shoppe.
  4881 | D:5      | Entered Level 5 of the Dungeon
  4881 | D:5      | Found a sand-covered staircase.
  4883 | D:5      | Found Hout's Jewellery Emporium.
  4911 | D:5      | Reached skill level 8 in Maces & Flails
  4919 | Ossuary  | Entered an ossuary
  5060 | Ossuary  | Noticed a wraith
  5060 | Ossuary  | Noticed a flying skull
  5069 | Ossuary  | Noticed a flying skull
  5071 | Ossuary  | Noticed a flying skull
  5120 | Ossuary  | Noticed a wraith
  5129 | Ossuary  | Killed a wraith
  5129 | Ossuary  | Reached skill level 9 in Maces & Flails
  5129 | Ossuary  | Reached XP level 8. HP: 46/46 MP: 8/8
  5134 | Ossuary  | Noticed a flying skull
  5142 | Ossuary  | Noticed a wraith
  5153 | Ossuary  | Killed a wraith
  5471 | D:5      | Reached skill level 10 in Maces & Flails
  5895 | D:6      | Found a sparkling altar of Nemelex Xobeh.
  5958 | D:6      | HP: 4/103 [ice beast (14)]
  5961 | D:6      | Mangled by an ice beast

Illustrated notes

Levels and vault maps discovered:
D:1:      evilmike_arrival_crescent, layout_loops_cross, tso_altar
D:2:      layout_basic, first_ration, kennysheep_small_spiral,
          grunt_ministairs_15
D:3:      layout_loops_ring, minmay_starry_boxes
D:4:      layout_loops_corners, serial_shops, nicolae_shop_waterfront,
          vehumet_altar_wand_db
D:5:      layout_rooms, serial_shops, shop, enter_ossuary_3, minmay_pentangle
D:6:      layout_basic, basic_altar

Skill      XL: |  1  2  3  4  5  6  7  8 |
---------------+-------------------------+-----
Maces & Flails | 3 4 5 6 7 9 10 | 10.8
Fighting       | |  3.2
Armour         | |  3.2
Shields        | |  3.2

Action                   |  1- 3 |  4- 6 |  7- 9 || total
-------------------------+-------+-------+-------++-------
Melee: Flail             |   130 |    93 |   210 ||   433
       Morningstar       |       |   149 |       ||   149
  Use: Potion            |       |       |     4 ||     4
  Eat: Chunk             |     2 |     9 |     3 ||    14
       Ration            |       |       |     1 ||     1
Armor: Scale mail        |    88 |   183 |   102 ||   373
       Skin              |       |       |     2 ||     2
Dodge: Dodged            |    47 |   105 |    45 ||   197
Block: Kite shield       |    64 |   179 |    67 ||   310
